[Event "*** Titled Tuesday Blitz"]
[Site "Chess.com"]
[Date "2020.12.29"]
[Round "10"]
[White "Dynamikus"]
[Black "Alexander_Zubov"]
[Result "0-1"]
[WhiteElo "2735"]
[BlackElo "2927"]
[TimeControl "180+1"]
[EndTime "11:54:54 PST"]
[Termination "Alexander_Zubov won on time"]

1. e4 c5 2. Nf3 e6 3. d4 cxd4 4. Nxd4 a6 5. Bd3 Bc5 6. Nb3 Be7 7. Qg4 g6 8. Qe2 d6 9. O-O Nc6 10. Nc3 Ne5 11. f4 Nxd3 12. cxd3 Nf6 13. e5 Nd7 14. exd6 Bxd6 15. f5 gxf5 16. Rxf5 Rg8 17. Ne4 Be7 18.
Rf2 Rg6 19. Bf4 Nf6 20. Be5 Ng4 21. d4 f6 22. Rf4 h5 23. Qc2 Rg7 24. Rd1 fxe5 25. dxe5 Qb6+ 26. Kh1 Nxe5 27. Qe2 Rh7 28. Nf6+ Bxf6 29. Rxf6 Ng4 30. Rg6 Nf2+ 0-1

[Event "*** Titled Tuesday Blitz"]
[Site "Chess.com"]
[Date "2020.12.29"]
[Round "10"]
[White "dopolian"]
[Black "elextranjero00"]
[Result "0-1"]
[WhiteElo "2461"]
[BlackElo "2608"]
[TimeControl "180+1"]
[EndTime "11:54:55 PST"]
[Termination "elextranjero00 won by resignation"]

1. e4 c6 2. Nc3 d5 3. Nf3 Bg4 4. h3 Bxf3 5. Qxf3 e6 6. d4 dxe4 7. Nxe4 Qxd4 8. Bd3 Nd7 9. Be3 Qd5 10. Rd1 Ne5 11.
Qf4 Qa5+ 12. Ke2 O-O-O 13. Ng5 Nf6 14. b4 Bxb4 15. Rb1 Bd6 16. Qd4 h6 17. Ne4 Nxe4 18. Bxe4 Qa6+ 19. Ke1 Bc7 20. Qb2 Nc4 21. Qb3 Nxe3 22.
fxe3 Bb6 23. Kf2 Qa5 24. Bf3 Qe5 25. Kg1 Qxe3+ 26. Qxe3 Bxe3+ 27. Kh2 Rd2 28. Rhe1 Bf4+ 29. Kh1 Rxc2 30. Re4 Bc7 31. Ra4 a5 32. Rc4 Rxc4 0-1

[Event "*** Titled Tuesday Blitz"]
[Site "Chess.com"]
[Date "2020.12.29"]
[Round "10"]
[White "Itk04"]
[Black "Nara_Kh"]
[Result "1-0"]
[WhiteElo "2472"]
[BlackElo "2362"]
[TimeControl "180+1"]
[EndTime "11:54:56 PST"]
[Termination "Itk04 won by resignation"]

1. e4 c5 2. Nf3 d6 3. d4 Nf6 4.
dxc5 Nxe4 5. cxd6 Nc6 6. Bd3 Nxd6 7. O-O e5 8. Re1 f6 9. c3 Be7 10. Nbd2 O-O 11. Qc2 h6 12. Nc4 Bg4 13. Nh4 e4 14.
Bf1 f5 15. Ng6 Rf6 16. Nxe7+ Qxe7 17. Bf4 Nxc4 18. Bxc4+ Kh8 19. b4 Rg6 20. Bg3 Qg5 21. Qc1 Qe7 22. Qf4 Rd8 23. f3 Bh5 24. Qxf5 Rg5 25. Qxe4 Qf6 26. Qe3 Re8 27. Qxe8+ Bxe8 28. Rxe8+ Kh7 29. Bg8+ Kg6 30. Re6 Rf5 31. Rae1 Kg5 32.
Rxf6 Rxf6 33. Bd5 Kf5 34. Be4+ Kg5 35. Bxc6 b6 36. Re5+ Kg6 37. Be8+ Kh7 38. Re7 1-0

[Event "*** Titled Tuesday Blitz"]
[Site "Chess.com"]
[Date "2020.12.29"]
[Round "10"]
[White "PenguinPacks"]
[Black "Xeslu"]
[Result "1-0"]
[WhiteElo "2447"]
[BlackElo "2299"]
[TimeControl "180+1"]
[EndTime "11:54:56 PST"]
[Termination "PenguinPacks won by resignation"]

1. e4 c5 2. Nf3 Nc6 3. Bb5 g6 4.
O-O Bg7 5. Re1 Nf6 6. Bxc6 bxc6 7. c3 O-O 8. d4 cxd4 9. cxd4 d5 10. e5 Ne4 11. Nbd2 Nxd2 12. Bxd2 Qb6 13. b4 Bg4 14. Bc3 f6 15. e6 f5 16. Re3 f4 17. Rd3 Bxe6 18. Qe2 Bf5 19. Rd2 Rae8 20. Ne5 Rf6 21. Re1 Re6 22. Qf3 g5 23. h4 h6 24. hxg5 hxg5 25.
Qh5 Rf8 26. Qxg5 f3 27. Nxf3 Rg6 28. Qxe7 Be4 29. Rxe4 dxe4 30. Qxe4 Rgf6 31. d5 R6f7 32. Bxg7 Rxg7 33. dxc6 Qb5 34. Qe6+ Kh7 35. Rd5 Rf6 36.
Qh3+ Rh6 37. Qxh6+ Kxh6 38. Rxb5 Rg4 39. c7 Rc4 40.
Rc5 Rxb4 41. c8=Q Rb1+ 42. Kh2 1-0

[Event "*** Titled Tuesday Blitz"]
[Site "Chess.com"]
[Date "2020.12.29"]
[Round "10"]
[White "Sergienko_Sergey"]
[Black "grandcoach"]
[Result "1-0"]
[WhiteElo "2301"]
[BlackElo "2127"]
[TimeControl "180+1"]
[EndTime "11:54:56 PST"]
[Termination "Sergienko_Sergey won on time"]

1. e4 c5 2. Nf3 Nc6 3. Bb5 e6 4. O-O Nge7 5. Re1 a6 6. Bxc6 Nxc6 7. d4 cxd4 8. Nxd4 Bc5 9. Nxc6 dxc6 10. Qxd8+ Kxd8 11. e5 Ke7 12. Nc3 b5 13. Ne4 Bd4 14. Nd6 f6 15.
Nxc8+ Raxc8 16. exf6+ gxf6 17. c3 Be5 18. Be3 Rhg8 19. f4 Bd6 20. Kf2 Rg4 21. Kf3 Rcg8 22. g3 h5 23. Re2 h4 24. Bf2 hxg3 25. hxg3 R4g7 26. Rae1 e5 27. a4 Ke6 28. axb5 axb5 29. Ra1 Kf5 30. Ra6 exf4 31. Rxc6 fxg3 32. Rxd6 gxf2 33.
Rxf2 Re8 34. Rd5+ Re5 35. Rxe5+ Kxe5 36. Ke3 f5 37. Re2 f4+ 38. Kf2+ Kf5 39. b3 Rh7 40.
c4 b4 41. c5 Rh2+ 42. Kf1 Rh1+ 43. Kf2 Rb1 44. Rc2 Rxb3 45. c6 1-0

[Event "*** Titled Tuesday Blitz"]
[Site "Chess.com"]
[Date "2020.12.29"]
[Round "10"]
[White "goldenpuppy"]
[Black "m_ezat"]
[Result "0-1"]
[WhiteElo "2388"]
[BlackElo "2539"]
[TimeControl "180+1"]
[EndTime "11:54:57 PST"]
[Termination "m_ezat won by resignation"]

1. e4 e5 2. Nf3 Nc6 3. Bc4 Nf6 4. d3 h6 5. c3 d6 6. a4 g6 7. O-O Bg7 8. Nbd2 O-O 9. b4 d5 10. exd5 Nxd5 11. Qc2 Nxc3 12. Bb2 Ne2+ 13. Kh1 Nxb4 14. Qb3 Nc6 15. Rfe1 Ned4 16. Qa2 Nc2 17. Ba3 Nxa1 18. Bxf8 Qxf8 19. Rxa1 Bg4 20. Re1 Bxf3 21. Nxf3 Rd8 22. Qb3 Na5 23. Qb5 Nxc4 24. Qxc4 Qd6 25. h3 c6 26. Re3 Qd5 27. Qb4 b6 28. Qe7 Qd7 29. Qh4 Re8 30. Qc4 c5 31. a5 Re6 32. a6 Qc6 33. Qh4 b5 34. Qd8+ Re8 35. Qa5 b4 36. Nd2 Re6 37. Nb3 Bf8 38. Qd8 Kg7 39. Rf3 Be7 40.
Qb8 Qxa6 41. Qe8 Bf6 42. Qd7 Qd6 43. Qxa7 e4 44. dxe4 Qd1+ 45. Kh2 Be5+ 46. Rg3 Qxb3 0-1

[Event "*** Titled Tuesday Blitz"]
[Site "Chess.com"]
[Date "2020.12.29"]
[Round "10"]
[White "northridgehawk"]
[Black "ehrenfeld"]
[Result "0-1"]
[WhiteElo "2323"]
[BlackElo "2530"]
[TimeControl "180+1"]
[EndTime "11:54:57 PST"]
[Termination "ehrenfeld won by resignation"]

1. e4 e5 2. Nf3 Nc6 3. Bb5 a6 4. Ba4 Nf6 5. d3 d6 6. O-O g6 7.
c3 Bg7 8. Nbd2 O-O 9. Bc2 a5 10.
a4 h6 11. d4 Nh5 12. Re1 exd4 13. cxd4 Nxd4 14. Nxd4 Bxd4 15. Nc4 Bg7 16. Bd2 Be6 17.
Nxa5 Bxb2 18. Rb1 Be5 19. Nxb7 Qh4 20. g3 Qh3 21. Bxh6 Nf6 22. f4 Ng4 23. Re2 Qxh6 24. fxe5 Nxe5 25. Rf2 Bg4 26. Qf1 Qe3 27. Rb3 Qa7 28. a5 Rfb8 29. Qb5 Be6 30. Rc3 Ng4 31.
Rf3 Nxf2 32. Rxf2 Qxb7 33. Qd3 Qb4 34. Qf3 Rxa5 35. h4 Qd4 36. Kg2 Rb2 37. e5 Bd5 0-1

[Event "*** Titled Tuesday Blitz"]
[Site "Chess.com"]
[Date "2020.12.29"]
[Round "10"]
[White "jefferyx"]
[Black "ElGasanov"]
[Result "1-0"]
[WhiteElo "2943"]
[BlackElo "2805"]
[TimeControl "180+1"]
[EndTime "11:54:58 PST"]
[Termination "jefferyx won on time"]

1. e4 c5 2. Nf3 Nc6 3. Bb5 Nf6 4.
e5 Nd5 5. O-O Nc7 6. a4 g6 7.
Re1 Bg7 8. d3 O-O 9. Nc3 Nd4 10.
Bc4 d5 11. exd6 Qxd6 12. Nxd4 cxd4 13. Nb5 Nxb5 14. axb5 e6 15. Qf3 h6 16. Bf4 e5 17.
Bd2 Kh7 18. Ra4 Qf6 19. Qxf6 Bxf6 20. Bb4 Rd8 21. Bxf7 Bd7 22. Bc4 a6 23. Ra5 axb5 24. Bxb5 Bxb5 25. Rxb5 Rd7 26. g3 Ra2 27. Bd2 Rc7 28.
c3 Kg7 29. cxd4 exd4 30. Re6 g5 31. Ba5 Rf7 32. Bb6 Ra1+ 33. Kg2 Rd1 34. Rb3 Rd2 35. Re1 g4 36. Kf1 Kg6 37. Re2 Rd1+ 38. Re1 Rd2 39. Ba5 Rc2 40. Rb6 h5 41. Re2 Rc1+ 42. Kg2 Kg7 43. Bd2 Rd1 44. Rb3 Kg6 45. Bf4 1-0

[Event "*** Titled Tuesday Blitz"]
[Site "Chess.com"]
[Date "2020.12.29"]
[Round "10"]
[White "Mikasinski"]
[Black "Pedrada88"]
[Result "1-0"]
[WhiteElo "2518"]
[BlackElo "2374"]
[TimeControl "180+1"]
[EndTime "11:55:00 PST"]
[Termination "Mikasinski won on time"]

1. e4 c5 2. Nf3 Nc6 3. d4 cxd4 4.
Nxd4 Nf6 5. Nc3 e6 6. Ndb5 Bc5 7. Bf4 O-O 8. Bd6 Qb6 9. Bxc5 Qxc5 10. Qd6 Qb6 11.
Qc7 Qc5 12. Qd6 Qg5 13. f4 Qh6 14. Be2 a6 15. Nc7 Ra7 16. e5 Nh5 17. g3 b5 18.
O-O-O Nxf4 19. gxf4 Qxf4+ 20. Kb1 Qxe5 21. Qxe5 Nxe5 22.
N7xb5 axb5 23. Nxb5 Ra8 24. Nd6 Ba6 25. Rhe1 Bxe2 26.
Rxe2 Nc6 27. c3 f5 28. Nc4 Nb8 29. Ne5 Ra7 30. Red2 f4 31. h4 g6 32. Rf2 d5 33.
Rd4 Rf5 34. Ng4 Kg7 35. Rdxf4 Raf7 36. Rxf5 Rxf5 37. Re2 1-0

[Event "*** Titled Tuesday Blitz"]
[Site "Chess.com"]
[Date "2020.12.29"]
[Round "10"]
[White "szabadaba"]
[Black "KarstenHansch"]
[Result "0-1"]
[WhiteElo "2574"]
[BlackElo "2468"]
[TimeControl "180+1"]
[EndTime "11:55:01 PST"]
[Termination "KarstenHansch won on time"]

1. e4 c5 2. Nc3 d6 3. g3 g6 4. Bg2 Bg7 5. d3 Nc6 6. f4 Rb8 7. Nf3 b5 8. O-O b4 9. Ne2 e6 10. Rb1 Nge7 11. Be3 O-O 12. Qd2 Ba6 13. b3 d5 14. e5 c4 15. Ned4 Qc7 16. Rfd1 Rfc8 17. Qf2 Nxd4 18. Nxd4 Qa5 19. g4 cxd3 20. cxd3 Rc3 21.
Bf1 Rbc8 22. Rb2 Nc6 23. Nf3 Qa3 24. Rbd2 Bb5 25. h4 a5 26. Nd4 Nxd4 27. Bxd4 Rc1 28. f5 a4 29. bxa4 Bxa4 30. Rxc1 Qxc1 31. Kg2 gxf5 32.
gxf5 Bh6 33. Be3 Bxe3 34. Qxe3 Qxd2+ 35. Qxd2 Rc2 36. Qxc2 Bxc2 37. fxe6 fxe6 38. Kf3 Bb1 39. Ke3 Bxa2 40. Kd4 Bb1 41. Be2 Bc2 42. Bh5 Kf8 0-1

[Event "*** Titled Tuesday Blitz"]
[Site "Chess.com"]
[Date "2020.12.29"]
[Round "10"]
[White "maxip32"]
[Black "PavelChernomordik"]
[Result "1-0"]
[WhiteElo "2514"]
[BlackElo "2316"]
[TimeControl "180+1"]
[EndTime "11:55:01 PST"]
[Termination "maxip32 won by checkmate"]

1. e4 g6 2. d4 Bg7 3. Nc3 d6 4.
h4 h6 5. Be3 a6 6. Qd2 b5 7. h5 g5 8. f4 gxf4 9. Bxf4 Bb7 10.
Nf3 b4 11. Nd5 a5 12. Bd3 e6 13. Ne3 Nf6 14. e5 Ne4 15. Qe2 d5 16. O-O Nd7 17.
Nd2 c5 18. Bxe4 dxe4 19. dxc5 Nxe5 20. Rad1 Qe7 21. Ndc4 Ba6 22. Bxe5 Bxe5 23. Qf2 Bc7 24. Nd6+ Bxd6 25. cxd6 Qd7 26. Ng4 O-O-O 27. Ne5 Qb7 28. Qc5+ Kb8 29. Rxf7 Rc8 30. Rxb7+ Kxb7 31. Qxa5 Rxc2 32.
Qxb4+ Ka7 33. d7 Rg8 34. Ng6 e3 35. d8=Q e2 36. Qbb6# 1-0

[Event "*** Titled Tuesday Blitz"]
[Site "Chess.com"]
[Date "2020.12.29"]
[Round "10"]
[White "NeverW84M8"]
[Black "nubair1198"]
[Result "1-0"]
[WhiteElo "2534"]
[BlackElo "2714"]
[TimeControl "180+1"]
[EndTime "11:55:02 PST"]
[Termination "NeverW84M8 won by resignation"]

1. d4 d5 2. c4 c6 3. Nf3 Nf6 4. Qc2 dxc4 5. Qxc4 Bf5 6. Nc3 e6 7. g3 Be7 8. Bg2 O-O 9. O-O Nbd7 10. e3 Ne4 11.
Nd2 Nxd2 12. Bxd2 Bg6 13. Qe2 c5 14. Rfd1 cxd4 15. exd4 Nf6 16. Bg5 Bh5 17. f3 Rc8 18. Kh1 Qb6 19. d5 Bb4 20. Bxf6 gxf6 21. Ne4 Kg7 22.
dxe6 fxe6 23. a3 Be7 24. Rd7 Rf7 25. Rad1 Rc7 26. Nc3 Rxd7 27. Rxd7 Bf8 28. Rxf7+ Bxf7 29. f4 Qc7 30. Qg4+ Kh8 31. Qf3 b6 32. h4 h5 33.
Kh2 Kg7 34. f5 exf5 35. Qxf5 Bd6 36. Ne4 Be5 37. b4 Qc1 38. Ng5 Qe3 39. Qh7+ 1-0

[Event "*** Titled Tuesday Blitz"]
[Site "Chess.com"]
[Date "2020.12.29"]
[Round "10"]
[White "AliKa2810"]
[Black "JoachimMouhamad"]
[Result "0-1"]
[WhiteElo "2591"]
[BlackElo "2403"]
[TimeControl "180+1"]
[EndTime "11:55:03 PST"]
[Termination "JoachimMouhamad won by checkmate"]

1. Nf3 Nf6 2. g3 c5 3. Bg2 Nc6 4. d4 cxd4 5. Nxd4 e5 6. Nxc6 bxc6 7. O-O Be7 8. c4 O-O 9. Nc3 Rb8 10. b3 Bb7 11. Bb2 d5 12. Qc2 e4 13. Rad1 Qa5 14.
Na4 Rfd8 15. Be5 Rbc8 16. Bh3 Nd7 17. Bc3 Qc7 18. Qb2 Bf8 19. Rc1 Qd6 20. Rfd1 Qh6 21. Bg2 e3 22. f4 Ba8 23. cxd5 cxd5 24. Bd4 Nf6 25. Bf3 Rxc1 26. Rxc1 Ne4 27. Bxe4 dxe4 28. Bxe3 Qh5 29. Nc3 Qg4 30. Nb5 h5 31. Nxa7 h4 32.
Kf2 Qh3 33. Nc6 Qxh2+ 34. Ke1 Bxc6 35. Rxc6 Qh1+ 36. Kf2 Rd1 37. Bc5 Qg1# 0-1

[Event "*** Titled Tuesday Blitz"]
[Site "Chess.com"]
[Date "2020.12.29"]
[Round "10"]
[White "Anton_Zhukov04"]
[Black "Ze-Pequeno"]
[Result "1-0"]
[WhiteElo "2249"]
[BlackElo "2325"]
[TimeControl "180+1"]
[EndTime "11:55:03 PST"]
[Termination "Anton_Zhukov04 won on time"]

1. e4 c5 2. Nf3 e6 3. d4 cxd4 4.
Nxd4 a6 5. c4 Nf6 6. Qc2 Qc7 7.
Nc3 Be7 8. Be2 O-O 9. O-O b6 10.
f3 Bb7 11. Be3 d6 12. Rfd1 Nbd7 13. Rac1 Rac8 14. Bf2 Rfe8 15. b4 Qb8 16. Qb3 Bd8 17. a4 Bc7 18. Bg3 Nh5 19. Bf2 d5 20. g3 Nhf6 21. cxd5 exd5 22. Nxd5 Nxd5 23. exd5 Nf6 24. Bc4 Bd6 25. Nf5 h5 26. Bxb6 Ba8 27. Bc5 Rxc5 28.
bxc5 Bxc5+ 29. Kh1 Qc8 30. Qb1 Re5 31. Nh4 g5 32. Ng2 g4 33. f4 Re8 34. Qb2 Ne4 35.
Rc2 Qf5 36. Bd3 Bxd5 37. Rxc5 Qe6 38. Rc2 1-0

[Event "*** Titled Tuesday Blitz"]
[Site "Chess.com"]
[Date "2020.12.29"]
[Round "10"]
[White "esteban062000"]
[Black "Ariadna_Atreides"]
[Result "1-0"]
[WhiteElo "2197"]
[BlackElo "2072"]
[TimeControl "180+1"]
[EndTime "11:55:05 PST"]
[Termination "esteban062000 won by checkmate"]

1. Nf3 d5 2. c4 c6 3. b3 Nf6 4. g3 g6 5. Bb2 Bg7 6. Bg2 O-O 7. O-O Nbd7 8. d3 Re8 9. Nc3 e5 10. cxd5 Nxd5 11. Nxd5 cxd5 12. Rc1 b6 13. Qc2 Bb7 14. Qc7 Rb8 15. Qxd8 Rbxd8 16. Rc7 Ba8 17. Ng5 h6 18. Nf3 e4 19. Nd4 exd3 20. e3 a5 21. Ba3 Bxd4 22.
exd4 Re2 23. Bf3 Rxa2 24. Be7 Re8 25. Rxd7 Rc2 26. Rd8 Rxd8 27. Bxd8 d2 28. Bxb6 Bb7 29. Rd1 Ba6 30. Bxa5 Rc1 31. Bxd2 Rc6 32. Rc1 Rd6 33.
Bxh6 Kh7 34. Bf4 Rb6 35. Bxd5 Kg7 36. Be5+ f6 37. Rc7+ Kf8 38. Bf4 g5 39. Be3 Be2 40. Rc6 Rb8 41. Rxf6+ Kg7 42. Rf7+ Kg6 43. Rc7 Rd8 44.
Rc6+ Kh5 45. Bf7+ Kg4 46. Be6+ Kh5 47. Kg2 Ra8 48. Bd5 Ra1 49. Bf3+ Bxf3+ 50. Kxf3 g4+ 51.
Kg2 Rb1 52. Rh6# 1-0

[Event "*** Titled Tuesday Blitz"]
[Site "Chess.com"]
[Date "2020.12.29"]
[Round "10"]
[White "CraiggoryC"]
[Black "JiiHart"]
[Result "1-0"]
[WhiteElo "2192"]
[BlackElo "2068"]
[TimeControl "180+1"]
[EndTime "11:55:05 PST"]
[Termination "CraiggoryC won on time"]

1. e4 c5 2. Nf3 Nc6 3. d4 cxd4 4.
Nxd4 Nf6 5. Nc3 d6 6. Bc4 e6 7. Be3 a6 8. Bb3 Qc7 9. Qe2 b5 10. Nxc6 Qxc6 11. f3 Be7 12. O-O-O Bb7 13. g4 Rc8 14. g5 Nd7 15. h4 Nc5 16. h5 Nxb3+ 17. axb3 b4 18. Na4 a5 19. g6 Ba6 20. Qg2 fxg6 21. hxg6 h6 22. Rd2 Bb5 23. Nb6 Rb8 24.
Qg4 Rxb6 25. Bxb6 Qxb6 26. Qxe6 Rf8 27. Kb1 Bd7 28. Qd5 Rxf3 29. e5 Qc6 30. exd6 Qxd5 31. Rxd5 Bf6 32. Re1+ Kf8 33. Rxa5 Rf5 34. Ra8+ 1-0

[Event "*** Titled Tuesday Blitz"]
[Site "Chess.com"]
[Date "2020.12.29"]
[Round "10"]
[White "tigra"]
[Black "FairChess_on_YouTube"]
[Result "0-1"]
[WhiteElo "2860"]
[BlackElo "3016"]
[TimeControl "180+1"]
[EndTime "11:55:06 PST"]
[Termination "FairChess_on_YouTube won by resignation"]

1. e4 c5 2. Nf3 e6 3. d4 cxd4 4. Nxd4 Nc6 5. Nc3 Qc7 6. Be3 a6 7. f4 d6 8. Be2 Nf6 9. O-O Be7 10.
Kh1 O-O 11. a4 Nxd4 12. Qxd4 e5 13. Qd2 exf4 14. Rxf4 Be6 15. Raf1 Nd7 16. Nd5 Bxd5 17. exd5 Bf6 18. c3 Rae8 19. Bd3 Bg5 20. Rc4 Qxc4 21. Bxc4 Bxe3 22. Qc2 Ba7 23. Qf5 Re7 24. a5 g6 25. Qg5 Rfe8 26. g3 Be3 27. Qh4 Ne5 28. Be2 Ba7 29. b4 Nd7 30. Bg4 Re1 31. Rxe1 Rxe1+ 32. Kg2 Ne5 33. Qd8+ Kg7 34. Qa8 Be3 35. Bc8 Re2+ 36.
Kh3 Nf3 37. g4 Bf4 38. g5 Ne5 39. Kh4 Rxh2+ 40. Bh3 h5 41. gxh6+ Kh7 42. Qc8 f5 0-1

[Event "*** Titled Tuesday Blitz"]
[Site "Chess.com"]
[Date "2020.12.29"]
[Round "10"]
[White "NateSolon"]
[Black "RobertoJBM"]
[Result "1-0"]
[WhiteElo "2521"]
[BlackElo "2666"]
[TimeControl "180+1"]
[EndTime "11:55:08 PST"]
[Termination "NateSolon won on time"]

1. d4 d5 2. c4 c6 3. Nf3 Nf6 4.
Nc3 dxc4 5. e4 b5 6. Be2 e6 7. O-O a6 8. b3 cxb3 9. axb3 Bb7 10. e5 Nd5 11. Ne4 Nd7 12. Nfg5 g6 13. Bg4 Be7 14. Qf3 f5 15. exf6 N7xf6 16. Bxe6 Bc8 17. Bf7+ Kf8 18. Ne6+ Bxe6 19. Bxe6 Kg7 20. Ng5 Rf8 21. Bxd5 Nxd5 22. Ne6+ Kg8 23. Qxf8+ Qxf8 24. Nxf8 Bxf8 25. Bd2 Bg7 26.
Be3 c5 27. Rfd1 Nc3 28. dxc5 Nxd1 29. Rxd1 a5 30. Rd7 a4 31. bxa4 bxa4 32. c6 a3 33. c7 Bf6 34. Bd4 a2 35. Ba1 Re8 36. Kf1 Be7 37. Rxe7 1-0

[Event "*** Titled Tuesday Blitz"]
[Site "Chess.com"]
[Date "2020.12.29"]
[Round "10"]
[White "Jospem"]
[Black "dretch"]
[Result "1-0"]
[WhiteElo "2989"]
[BlackElo "2844"]
[TimeControl "180+1"]
[EndTime "11:55:10 PST"]
[Termination "Jospem won on time"]

1. e4 e6 2. d4 d5 3. Nc3 Nf6 4. exd5 exd5 5. Bd3 Nc6 6. Nge2 Nb4 7. Bb5+ c6 8. Ba4 Bd6 9. O-O O-O 10. h3 Re8 11. Bg5 h6 12. Bh4 Bf5 13. Qd2 Na6 14. f3 Nc7 15. Rae1 Ne6 16. Nd1 Bh7 17. c3 g5 18. Bf2 Qa5 19. Bc2 Qxa2 20. Bxh7+ Nxh7 21. Bg3 Bxg3 22. Nxg3 Ng7 23. Ne3 Re6 24. f4 Rae8 25.
f5 Rd6 26. Ng4 Rxe1 27. Rxe1 h5 28. Ne5 h4 29. Ne2 Nxf5 30. Rf1 Nh6 31. g3 hxg3 32.
Nxg3 Qa5 33. h4 Qd8 34. Nh5 Qe7 35. Kh1 Re6 36. hxg5 Nxg5 37. Nf6+ 1-0

[Event "*** Titled Tuesday Blitz"]
[Site "Chess.com"]
[Date "2020.12.29"]
[Round "10"]
[White "Region_07"]
[Black "Savva09022009"]
[Result "0-1"]
[WhiteElo "2468"]
[BlackElo "2619"]
[TimeControl "180+1"]
[EndTime "11:55:10 PST"]
[Termination "Savva09022009 won on time"]

1. d4 Nf6 2. Bg5 e6 3. Nf3 d5 4. e3 Be7 5. Bd3 O-O 6. Nbd2 c5 7. c3 Nc6 8. Qe2 b6 9. O-O Bb7 10. Rad1 Qc7 11. e4 dxe4 12. Nxe4 Nxe4 13. Qxe4 g6 14.
Qh4 cxd4 15. cxd4 Bxg5 16. Nxg5 h5 17. Rfe1 Qe7 18. d5 Nd8 19. dxe6 Nxe6 20. Rxe6 fxe6 21. Bxg6 Qf6 22. Bxh5 Rad8 23. Bf7+ Rxf7 24. Rxd8+ Qxd8 25. Qh8+ Kxh8 26. Nxf7+ Kg7 27. Nxd8 Bd5 28. a3 Kf6 29. f4 Ke7 30. Nxe6 Kxe6 31. Kf2 Kf5 32. g3 Ke4 33. h4 Bf7 34. b4 Bh5 35. Kg2 Bg4 36. Kf2 b5 37. Kg2 Ke3 38. h5 Bxh5 39. Kh3 Kf3 0-1

[Event "*** Titled Tuesday Blitz"]
[Site "Chess.com"]
[Date "2020.12.29"]
[Round "10"]
[White "sorrm8thatscheckm8"]
[Black "imdvb6307"]
[Result "0-1"]
[WhiteElo "2498"]
[BlackElo "2396"]
[TimeControl "180+1"]
[EndTime "11:55:10 PST"]
[Termination "imdvb6307 won by resignation"]

1. d4 d5 2. c4 c6 3. cxd5 cxd5 4. Nc3 Nc6 5. e4 Nf6 6. e5 Ne4 7. Nf3 Bg4 8. Be2 e6 9. O-O Bb4 10. Nb1 O-O 11. Be3 Rc8 12. a3 Be7 13. h3 Bh5 14. b4 f6 15. exf6 Bxf6 16. Ra2 Rf7 17. Rc2 Rfc7 18. Nbd2 Nxd2 19. Qxd2 Bg6 20. Rc5 b6 21. Rc3 Nxd4 22. Bxd4 Rxc3 23. Bxc3 Rxc3 24. a4 Rc2 25. Qe3 Qd6 26. Re1 Bc3 27. Rc1 d4 28. Rxc2 dxe3 29. Rxc3 exf2+ 30. Kxf2 h6 31. b5 Qb4 32. Rc4 Qb2 33. Kf1 Qa2 34. h4 Be4 35. Rc8+ Kh7 36. h5 Qxa4 37. Rc4 Qxb5 38.
Kf2 Qd5 39. Rd4 Qc5 40. Ke3 Bxf3 41. Bxf3 e5 42. Be4+ 0-1

[Event "*** Titled Tuesday Blitz"]
[Site "Chess.com"]
[Date "2020.12.29"]
[Round "10"]
[White "ChessQueen"]
[Black "chessmachine14"]
[Result "1-0"]
[WhiteElo "2707"]
[BlackElo "2269"]
[TimeControl "180+1"]
[EndTime "11:55:10 PST"]
[Termination "ChessQueen won on time"]

1. e4 c5 2. c3 Nf6 3. e5 Nd5 4. Nf3 e6 5. d4 cxd4 6. cxd4 d6 7. Bc4 Be7 8. O-O O-O 9. Nc3 Nxc3 10.
bxc3 b6 11. Qd3 Bb7 12. exd6 Qxd6 13. Ng5 g6 14. Qh3 h5 15. a4 Qd8 16. Qg3 Kg7 17. Bxe6 Bd6 18. Qh3 Qf6 19. Bb3 Bf4 20. Bxf4 Qxf4 21.
Qg3 Qxg3 22. hxg3 Nc6 23. Rfe1 Na5 24. Ba2 Rac8 25. Rac1 Kf6 26. Nh7+ Kg7 27. Nxf8 Kxf8 28. c4 Ba6 29. c5 bxc5 30. Rxc5 Rxc5 31. dxc5 Nc6 32.
Bd5 Bb7 33. Rb1 Ba8 34. Bxc6 Bxc6 35. a5 Ke7 36. Rd1 a6 37. Rd6 Bb5 38. f3 Bc4 39.
Kf2 g5 40. Ke3 f6 41. Rd2 Bb5 42. Ke4 Ke6 43. Rd6+ Ke7 44. Kf5 1-0

[Event "*** Titled Tuesday Blitz"]
[Site "Chess.com"]
[Date "2020.12.29"]
[Round "10"]
[White "ChessyInstinct"]
[Black "Tsyhanchuk_Stanislav"]
[Result "1-0"]
[WhiteElo "2475"]
[BlackElo "2273"]
[TimeControl "180+1"]
[EndTime "11:55:11 PST"]
[Termination "ChessyInstinct won by resignation"]

1. d4 Nf6 2. c4 e6 3. g3 b5 4. Bg2 d5 5. b3 bxc4 6. bxc4 Bb4+ 7.
Bd2 Qe7 8. a3 Bxd2+ 9. Nxd2 Nbd7 10. Ngf3 O-O 11. O-O c5 12. e3 Rb8 13. Qc2 Ba6 14.
Qa4 Bxc4 15. Nxc4 dxc4 16. Qxc4 cxd4 17. Nxd4 Nb6 18. Qa6 Qd7 19. Nc6 Ra8 20. Ne5 Qc7 21.
Bxa8 Qxe5 22. Bg2 h5 23. Qxa7 Nc4 24. Qd4 Qxd4 25. exd4 Rd8 26. Rfd1 Nd5 27. Bxd5 Rxd5 28. a4 Na5 29. Rab1 Nc4 30. Rb8+ Kh7 31. Rb5 Rd6 32. Rxh5+ Kg6 33. Rc5 Nb2 34. Ra1 Nd3 35. Rb5 Rxd4 36.
a5 Rd7 37. a6 Ra7 38. Rb7 Ra8 39. a7 Nc5 40. Rb8 Rxa7 41. Rxa7 Nd7 42. Rxd7 1-0

[Event "*** Titled Tuesday Blitz"]
[Site "Chess.com"]
[Date "2020.12.29"]
[Round "10"]
[White "Heineccius"]
[Black "grunbergmihai"]
[Result "1-0"]
[WhiteElo "2581"]
[BlackElo "2447"]
[TimeControl "180+1"]
[EndTime "11:55:12 PST"]
[Termination "Heineccius won by resignation"]

1. d4 f5 2. c4 Nf6 3. Nc3 g6 4.
h4 Bg7 5. h5 Nxh5 6. e4 fxe4 7.
Nxe4 Nf6 8. Bd3 d5 9. Nxf6+ Bxf6 10. Nf3 dxc4 11. Bxc4 Bg4 12. Be3 c6 13. Qb3 Bxf3 14. gxf3 Qb6 15. Qd3 Na6 16. Kf1 O-O-O 17. d5 Nc5 18.
Qc2 Qxb2 19. Qxb2 Bxb2 20. Rb1 Ba3 21. dxc6 bxc6 22. Rh4 e5 23. f4 e4 24. f5 gxf5 25. Rh6 Kd7 26. Bxc5 Bxc5 27. Rb7+ Ke8 28. Re6+ Kf8 29.
Rf6+ Ke8 30. Bf7+ Kf8 31. Bb3+ Ke8 32. Rxf5 Be7 33. Re5 Rd7 34. Bf7+ Kxf7 35. Rxd7 Re8 36. Rxa7 Kf6 37. Rh5 Rb8 38. Rh6+ Kg7 39. Re6 1-0

[Event "*** Titled Tuesday Blitz"]
[Site "Chess.com"]
[Date "2020.12.29"]
[Round "10"]
[White "GameOverBro"]
[Black "anpospan"]
[Result "1-0"]
[WhiteElo "2460"]
[BlackElo "2325"]
[TimeControl "180+1"]
[EndTime "11:55:12 PST"]
[Termination "GameOverBro won on time"]

1. e4 Nc6 2. Nf3 d6 3. d4 Nf6 4. Nc3 Bg4 5. Be2 e6 6. O-O d5 7. exd5 exd5 8. Re1 Be7 9. h3 Bh5 10. Bf4 a6 11. Ne5 Bxe2 12. Nxe2 O-O 13. Ng3 g6 14. Qd2 Re8 15. Re2 Nxe5 16. Bxe5 Bd6 17. Rae1 Bxe5 18. dxe5 Ne4 19. Nxe4 dxe4 20. Qxd8 Raxd8 21. Rxe4 Rd2 22. R1e2 Red8 23. g3 Kf8 24. Kg2 Ke7 25. f4 h5 26. Kf2 Ke6 27. Rc4 c6 28. Rb4 b5 29. Re4 Kf5 30. Re3 h4 31. gxh4 Rxe2+ 32. Kxe2 Kxf4 33. e6 f5 34. e7 Re8 35. Kf2 g5 36. Rf3+ Ke5 37. hxg5 f4 38. Rc3 Rxe7 39. Rxc6 Rd7 40. h4 Ke4 41. Re6+ Kf5 42. Rf6+ Kg4 43. g6 Rd2+ 44. Ke1 Rxc2 45. g7 1-0

[Event "*** Titled Tuesday Blitz"]
[Site "Chess.com"]
[Date "2020.12.29"]
[Round "10"]
[White "Gulkov_Igor"]
[Black "frederiksvane"]
[Result "0-1"]
[WhiteElo "2540"]
[BlackElo "2736"]
[TimeControl "180+1"]
[EndTime "11:55:13 PST"]
[Termination "frederiksvane won by resignation"]

1. Nf3 Nf6 2. c4 g6 3. Nc3 Bg7 4. e4 O-O 5. d4 d6 6. Be2 e5 7.
Be3 Ng4 8. Bg5 f6 9. Bh4 Nc6 10.
d5 Ne7 11. Nd2 Nh6 12. f3 g5 13. Bf2 f5 14. h3 Ng6 15. g4 fxe4 16. fxe4 Nf4 17.
Rh2 Nf7 18. Nf1 Nh8 19. Ne3 Nhg6 20. Nf5 Bd7 21. Qd2 b6 22. Bf1 a5 23. O-O-O h5 24.
Kb1 h4 25. Rc1 Qf6 26. Nb5 Rfc8 27. Ka1 Bf8 28. Bg1 c6 29. dxc6 Rxc6 30. Nc3 Ne7 31. Qe3 Rac8 32. Rhc2 Be6 33. b3 Bf7 34. Kb1 Nxf5 35. exf5 d5 36. Nxd5 Nxd5 37. cxd5 Rxc2 38. Rxc2 Rxc2 39. Kxc2 Bc5 40. Qc3 Bxg1 41. Qc8+ Kg7 42. Bg2 Bc5 43. Be4 Qd6 44. Kd3 Bxd5 0-1